 Dungeon Crawl Stone Soup version 0.24-a0-139-geb6712d24a (webtiles) character file.

Game seed: 2890178365523613098

223 Morbidden the Insei (level 5, -7/46 HPs)
             Began as a Draconian Monk on Mar 3, 2019.
             Mangled by an iguana (9 damage)
             ... on level 4 of the Dungeon.
             The game lasted 00:03:01 (1978 turns).

Morbidden the Insei (Draconian Monk)                Turns: 1978, Time: 00:03:02

Health: -7/46      AC:  5    Str: 13    XL:     5   Next: 66%
Magic:  5/5        EV: 13    Int: 12    God:
Gold:   64         SH:  0    Dex: 13    Spells: 4/4 levels left

rFire    + . .     SeeInvis .     - Unarmed
rCold    . . .     Gourm    .   (no shield)
rNeg     . . .     Faith    .   (armour unavailable)
rPois    .         Spirit   .   (helmet restricted)
rElec    .         Reflect  .   (no cloak)
rCorr    .         Harm     .   (no gloves)
MR       .....                  (no boots)
Stlth    ++........             (no amulet)
HPRegen  0.15/turn              c - ring of protection from fire
MPRegen  0.09/turn              (no ring)

@: no status effects
A: unfitting armour, cold-blooded, AC +5
a: no special abilities


You were on level 4 of the Dungeon.
You were not hungry.

You visited 1 branch of the dungeon, and saw 4 of its levels.

You collected 64 gold pieces.

Inventory:

Jewellery
 c - a ring of protection from fire (left hand)
 l - an uncursed ring of ice
Scrolls
 b - a scroll of teleportation {unknown}
 d - a scroll of magic mapping {unknown}
 e - a scroll of remove curse
 f - a scroll of fear {unknown}
 g - 4 scrolls of identify {unknown}
Potions
 h - 2 potions of brilliance
 j - a potion of haste {unknown}
 k - a potion of resistance {unknown}
Comestibles
 a - 5 rations


   Skills:
 * Level 4.1 Fighting
 + Level 3.2 Dodging
 - Level 1.8 Stealth
 * Level 5.6 Unarmed Combat


You had 4 spell levels left.
You didn't know any spells.
Your spell library was empty.

Dungeon Overview and Level Annotations

Branches:
Dungeon (4/15)
 Temple: D:4-7

Altars:
Dithmenos
Zin


Innate Abilities, Weirdness & Mutations

Your plain brown scales are hard. (AC +5)
You cannot fit into any form of body armour.
You are cold-blooded and may be slowed by cold attacks.


Message History

You hit the jackal.
You kill the jackal!
You hit the jackal.
The jackal is heavily wounded.
The jackal closely misses you. The jackal misses you.
You hit the jackal.
You kill the jackal!
The iguana bites you!
* * * LOW HITPOINT WARNING * * *
Items here: ) [ †† a +1 flail of protection; a +0 leather armour; a jackal corpse x2
Unknown command.
You hit the iguana.
The iguana is moderately wounded.
The iguana bites you!
* * * LOW HITPOINT WARNING * * *
You barely miss the iguana. You punch the iguana.
The iguana is heavily wounded.
The iguana bites you!
You die...

#.##......##.# #..##
#.#...#.#.##.# #..#
#>...........# #..#
#.#(..#.#.##.#####..##
##......##..........
#.##.# ##.######### #.
#.# #.# #.##†##.####.#
#...l@.......#
#.#####.###### #.# #.#
... #.# .(# ###


You could see an iguana.

Vanquished Creatures
  Edmund (D:4)
  Jessica (D:2)
  A worker ant (D:4)
  2 adders
  A dart slug (D:2)
  A leopard gecko (D:1)
  An orc (D:4)
  A giant cockroach (D:2)
  8 goblins
  5 hobgoblins
  3 jackals (D:4)
  2 quokkas (D:2)
  A bat (D:1)
  6 frilled lizards
  3 kobolds
  5 rats
42 creatures vanquished.

Notes
Turn   | Place    | Note
-------+----------+-------------------------------------------
     0 | D:1      | Morbidden the Draconian Monk began the quest for the Orb.
     0 | D:1      | Reached XP level 1. HP: 19/19 MP: 1/1
   314 | D:1      | Reached XP level 2. HP: 18/26 MP: 2/2
   954 | D:2      | Reached XP level 3. HP: 23/31 MP: 3/3
   971 | D:2      | Reached skill level 4 in Unarmed Combat
  1063 | D:2      | Found a shadowy altar of Dithmenos.
  1088 | D:2      | Noticed Jessica
  1115 | D:2      | Killed Jessica
  1115 | D:2      | Reached XP level 4. HP: 10/40 MP: 4/4
  1424 | D:2      | Found a glowing silver altar of Zin.
  1495 | D:4      | Noticed Edmund
  1969 | D:4      | Killed Edmund
  1969 | D:4      | Reached skill level 5 in Unarmed Combat
  1969 | D:4      | Reached XP level 5. HP: 21/46 MP: 5/5
  1977 | D:4      | HP: 2/46 [iguana (9)]
  1978 | D:4      | Mangled by an iguana

Levels and vault maps discovered:
D:1:      evilmike_arrival_rings, layout_loops_ring, serial_forest,
          infiniplex_forest_lined_2, infiniplex_forest_clump_cross,
          infiniplex_forest_fountain, infiniplex_forest_clump_medium
D:2:      layout_rooms, nicolae_overflow_hidden_temple,
          grunt_dithmenos_smoke_and_mirrors, uniq_jessica
D:3:      layout_rooms, kiku_gazebo_garden_becter, led_sif_pool
D:4:      layout_loops_ring, kennysheep_little_box, vehumet_altar_wand_db,
          serial_shops, shop, uniq_edmund

Skill      XL: |  1  2  3  4 |
---------------+-------------+-----
Unarmed Combat | 4 5 |  5.6
Dodging        | 3 |  3.2
Fighting       | 4 |  4.1
Stealth        | |  1.8

Action                   |  1- 3 |  4- 6 || total
-------------------------+-------+-------++-------
Melee: Unarmed           |   103 |    75 ||   178
       Tailslap          |     5 |     6 ||    11
       Punch             |     1 |     2 ||     3
  Use: Potion            |     1 |     2 ||     3
       Scroll            |       |     1 ||     1
 Stab: Sleeping          |     4 |     1 ||     5
  Eat: Ration            |       |     1 ||     1
       Chunk             |       |     1 ||     1
Armor: Skin              |    30 |    15 ||    45
Dodge: Dodged            |    61 |    44 ||   105

Table legend:
 A = Non-vault XP
 B = Vault XP
 C = Vault XP percentage of total XP
 D = Non-vault monster count
 E = Vault monster count
 F = Vault count percentage of total count
                 A         B        C        D         E       F
            +---------+---------+-------+---------+---------+-------
      Total |     120 |     199 |  62.4 |      40 |       2 |   4.8
            +---------+---------+-------+---------+---------+-------
        D:1 |      18 |       0 |   0.0 |      12 |       0 |   0.0
        D:2 |      44 |      37 |  45.7 |      19 |       1 |   5.0
        D:3 |       4 |       0 |   0.0 |       3 |       0 |   0.0
        D:4 |      54 |     162 |  75.0 |       6 |       1 |  14.3
            +---------+---------+-------+---------+---------+-------
